 Dungeon Crawl Stone Soup version 0.27.1-34-g3ba077fa99 (webtiles) character file.

Game seed: 7604107768685098110

82 DrStoges the Covert (level 4, -1/41 HPs)
             Began as a Gnoll Delver on Jan 9, 2022.
             Slain by an orc warrior (8 damage)
             ... on level 3 of the Dungeon.
             The game lasted 00:10:13 (2504 turns).

DrStoges the Covert (Gnoll Delver)                  Turns: 2504, Time: 00:10:13

Health: -1/41      AC:  3    Str: 11    XL:     4   Next: 43%
Magic:  5/5        EV: 13    Int: 10    God:
Gold:   162        SH:  0    Dex: 14    Spells: 5/5 levels left

rFire    x . .     SeeInvis +   C - +1 mace (holy)
rCold    + . .     Faith    .   (no shield)
rNeg     . . .     Spirit   .   b - +0 leather armour
rPois    .         Reflect  .   (no helmet)
rElec    .         Harm     .   (no cloak)
rCorr    .         Rampage  .   (no gloves)
Will     .....                  (no boots)
Stlth    ++++......             (no amulet)
HPRegen  0.13/turn              i - ring of ice
MPRegen  0.09/turn              y - ring of see invisible

@: no status effects
A: fangs 1, strong nose, distributed training
a: no special abilities


You were on level 3 of the Dungeon.
You visited 1 branch of the dungeon, and saw 5 of its levels.

You collected 162 gold pieces.

Inventory:

Hand Weapons
 o - a +0 quarterstaff
 u - a +0 hunting sling
 C - a +1 mace of holy wrath (weapon)
Missiles
 s - 59 stones (quivered)
 t - 31 sling bullets
 z - 18 bolts
Armour
 b - a +0 leather armour (worn)
 n - a +0 scale mail
Magical Staves
 r - a staff of air
Jewellery
 i - a ring of ice (left hand)
 y - a ring of see invisible (right hand)
Wands
 g - a wand of digging (3)
 x - a wand of iceblast (5)
Scrolls
 c - a scroll of fog
 d - 2 scrolls of magic mapping
 e - a scroll of fear
 h - 2 scrolls of identify {unknown}
 k - a scroll of amnesia {unknown}
 q - a scroll of acquirement {unknown}
 v - a scroll of teleportation {unknown}
 A - a scroll of holy word {unknown}
Potions
 f - 2 potions of haste
 j - a potion of flight {unknown}
 l - a potion of degeneration {unknown}
 m - 3 potions of lignification {unknown}
 p - a potion of attraction {unknown}
 w - a potion of mutation {unknown}
 B - a potion of cancellation {unknown}


   Skills:
 + Level 6.6 Fighting
 + Level 1.1 Short Blades
 + Level 1.1 Long Blades
 + Level 1.1 Axes
 + Level 4.6 Maces & Flails
 + Level 1.1 Polearms
 + Level 1.1 Staves
 + Level 1.1 Slings
 + Level 1.1 Bows
 + Level 1.1 Crossbows
 + Level 1.1 Throwing
 + Level 1.1 Armour
 + Level 4.6 Dodging
 + Level 9.6 Stealth
 + Level 1.1 Shields
 + Level 1.1 Unarmed Combat
 + Level 1.1 Spellcasting
 + Level 0.9 Conjurations
 + Level 0.9 Hexes
 + Level 0.9 Summonings
 + Level 0.9 Necromancy
 + Level 0.9 Translocations
 + Level 0.9 Transmutations
 + Level 0.9 Fire Magic
 + Level 0.9 Ice Magic
 + Level 0.9 Air Magic
 + Level 0.9 Earth Magic
 + Level 0.9 Poison Magic
 + Level 1.2 Invocations
 + Level 1.1 Evocations


You had 5 spell levels left.
You didn't know any spells.
Your spell library contained the following spells:

 Spells                   Type           Power      Damage    Failure   Level
 Animate Skeleton         Necr           4%         N/A       30%         1
 Pain                     Necr           8%         1d4       30%         1
 Corpse Rot               Necr/Air       N/A        N/A       43%         2
 Poisonous Vapours        Pois/Air       4%         N/A       43%         2
 Sublimation of Blood     Necr           1%         N/A       43%         2
 Wereblood                Tmut           2%         N/A       43%         2
 Vampiric Draining        Necr           1%         2d6       67%         3
 Freezing Cloud           Conj/Ice/Air   1%         6-21      100%        5
 Summon Hydra             Summ           1%         N/A       100%        7


Dungeon Overview and Level Annotations

Branches:
Dungeon (5/15)
 Temple: D:4-7

Altars:


Innate Abilities, Weirdness & Mutations

You have very sharp teeth.
Your uncanny sense of smell can sniff out nearby items.
Your experience applies equally to all skills.


Message History

You see here a +0 mace.
You see here a +0 mace of holy wrath.
You see here a +0 mace.
A quokka comes into view.
You see here 10 gold pieces.
The helpless quokka fails to defend itself.
You hit the quokka. You bite the quokka, but do no damage.
The quokka is moderately wounded.
The quokka closely misses you. x2
You hit the quokka.
You kill the quokka!
You now have 162 gold pieces (gained 10).
Your +1 mace of holy wrath softly glows with a divine radiance!
C - a +1 mace of holy wrath (weapon)
You drop a +0 mace.
An orc comes into view. It is wielding a +0 flail.
The helpless orc fails to defend itself.
You sock the orc!
You kill the orc!
Things that are here:
a +0 flail; an orc corpse An orc comes into view.
It is wielding a +0 whip.
An orc and an orc warrior come into view.
The orc shouts!
The orc warrior shouts!
The orc shouts!
The orc hits you but does no damage.
You hit the orc.
The orc is lightly wounded.
The orc barely misses you.
You sock the orc!
You kill the orc!
The orc warrior closely misses you.
The orc warrior hits you with a +0 trident!!
Things that are here:
a +0 whip; an orc corpse You hit the orc warrior but do no damage.
You bite the orc warrior, but do no damage.
The orc warrior hits you with a +0 trident!
* * * LOW HITPOINT WARNING * * *
The orc warrior hits you with a +0 trident!
You die...

####.####.#
#....)..#.##########
###..................#
..#.........####.....#
..#.........####.#####
..#.........##....#
..#.........##.#..# ##
.....#.###..##.####...#
.....#.# #......@oo...#
.....#.# #.###.########
........ .... ##.###.#
#.#.# ##.# ... .....#
##.# .###. ..# ##.# # .
...# #. ...


You could see an orc warrior and an orc.

Vanquished Creatures
  Jessica (D:2)
  An adder (D:2)
  A worm (D:2)
  A dart slug (D:2)
  2 orcs (D:3)
  3 ball pythons
  3 bats
  2 endoplasms
  2 giant cockroaches
  4 goblins
  4 hobgoblins
  3 quokkas
  7 kobolds
  6 rats
40 creatures vanquished.

Notes
Turn   | Place    | Note
-------+----------+-------------------------------------------
     0 | D:5      | Reached skill level 9 in Stealth
     0 | D:5      | DrStoges the Gnoll Delver began the quest for the Orb.
     0 | D:5      | Reached XP level 1. HP: 23/23 MP: 1/1
   132 | D:1      | Reached XP level 2. HP: 29/29 MP: 2/2
   655 | D:1      | Reached XP level 3. HP: 35/35 MP: 3/3
   896 | D:1      | Found a faded altar of an unknown god.
  1228 | D:2      | Reached skill level 1 in Invocations
  1848 | D:2      | Noticed Jessica
  1859 | D:2      | Killed Jessica
  1860 | D:2      | Reached skill level 1 in Short Blades
  1860 | D:2      | Reached skill level 1 in Long Blades
  1860 | D:2      | Reached skill level 1 in Axes
  1860 | D:2      | Reached skill level 1 in Polearms
  1860 | D:2      | Reached skill level 1 in Staves
  1860 | D:2      | Reached skill level 1 in Slings
  1860 | D:2      | Reached skill level 1 in Bows
  1860 | D:2      | Reached skill level 1 in Crossbows
  1860 | D:2      | Reached skill level 1 in Throwing
  1860 | D:2      | Reached skill level 1 in Armour
  1860 | D:2      | Reached skill level 1 in Shields
  1860 | D:2      | Reached skill level 1 in Unarmed Combat
  1860 | D:2      | Reached skill level 1 in Spellcasting
  1860 | D:2      | Reached skill level 1 in Evocations
  1860 | D:2      | Reached XP level 4. HP: 11/41 MP: 5/5
  2500 | D:3      | Noticed an orc warrior
  2504 | D:3      | Slain by an orc warrior

Illustrated notes

Levels and vault maps discovered:
D:1:      kilobyte_arrival_exit_the_forest, layout_rooms,
          shapermc_ecumenical_altar_mp_vishouse, minmay_octomino_j4
D:2:      layout_basic, uniq_jessica
D:3:      layout_basic, mainiacjoe_overflow_boulevard,
          minmay_misc_feat_four_crosses, uniq_crazy_yiuf_cottage, uniq_grinder
D:4:      layout_rooms, tgw_sif, minmay_temple_entry_offerings, uniq_edmund
D:5:      layout_basic, amcnicky_altar_gilded, trog_three_pillars_becter,
          serial_shops, shop, kennysheep_mini, shop, nicolae_stop_n_shop_2,
          shop, uniq_ijyb

Skill      XL: |  1  2  3 |
---------------+----------+-----
Stealth        | |  9.6
Invocations    | 1 |  1.2
Short Blades   | 1 |  1.1
Long Blades    | 1 |  1.1
Axes           | 1 |  1.1
Polearms       | 1 |  1.1
Staves         | 1 |  1.1
Slings         | 1 |  1.1
Bows           | 1 |  1.1
Crossbows      | 1 |  1.1
Throwing       | 1 |  1.1
Armour         | 1 |  1.1
Shields        | 1 |  1.1
Unarmed Combat | 1 |  1.1
Spellcasting   | 1 |  1.1
Evocations     | 1 |  1.1
Fighting       | |  6.6
Maces & Flails | |  4.6
Dodging        | |  4.6
Conjurations   | |  0.9
Hexes          | |  0.9
Summonings     | |  0.9
Necromancy     | |  0.9
Translocations | |  0.9
Transmutations | |  0.9
Fire Magic     | |  0.9
Ice Magic      | |  0.9
Air Magic      | |  0.9
Earth Magic    | |  0.9
Poison Magic   | |  0.9

Action                   |  1- 3 |  4- 6 || total
-------------------------+-------+-------++-------
Melee: Mace              |    88 |    23 ||   111
       Bite              |    11 |     3 ||    14
 Stab: Sleeping          |    14 |     6 ||    20
Armor: Leather armour    |    18 |     2 ||    20
Dodge: Dodged            |    52 |    11 ||    63
